 Dungeon Crawl Stone Soup version 0.29.1-15-g9cfb28693d (webtiles) character file.

Game seed: 4525167560990050718

40 Gabide the Poker (level 3, 0/29 HPs)
             Began as a Demigod Wanderer on Apr 22, 2023.
             Slain by a gnoll
             ... wielding a +0 flail
              (7 damage)
             ... on level 2 of the Dungeon.
             The game lasted 00:03:02 (1152 turns).

Gabide the Poker (Demigod Wanderer)                 Turns: 1152, Time: 00:03:04

Health: 0/29       AC:  3    Str: 21    XL:     3   Next: 14%
Magic:  5/8        EV: 11    Int: 14    God:
Gold:   44         SH:  0    Dex:  9    Spells: 5/6 levels left

rFire   . . .      SeeInvis .   a - +2 spear
rCold   . . .      Faith    .   (no shield)
rNeg    . . .      Spirit   .   d - +0 leather armour
rPois   .          Reflect  .   (no helmet)
rElec   .          Harm     .   (no cloak)
rCorr   .          Rampage  .   (no gloves)
Will    .....                   (no boots)
Stlth   +.........              (no amulet)
HPRegen 0.09/turn               (no ring)
MPRegen 0.11/turn               (no ring)

@: no status effects
A: high MP 1, forlorn, divine attributes
a: no special abilities


You were on level 2 of the Dungeon.
You visited 1 branch of the dungeon, and saw 2 of its levels.

You collected 44 gold pieces.

Inventory:

Hand Weapons
 a - a +2 spear (weapon)
Armour
 d - a +0 leather armour (worn)
Wands
 b - a wand of flame (5)
Scrolls
 e - a scroll of noise
 f - a scroll of identify
 h - a scroll of torment {unknown}
 i - a scroll of immolation {unknown}


   Skills:
 + Level 1.9 Fighting
 - Level 3.0 Polearms
 - Level 1.0 Stealth
 - Level 2.0 Spellcasting
 - Level 2.0 Earth Magic
 - Level 2.0 Evocations


You had 5 spell levels left.
You knew the following spells:

 Your Spells              Type           Power      Damage    Failure   Level
a - Sandblast             Erth           14%        2d6       12%         1

Your spell library contained the following spells:

 Spells                   Type           Power      Damage    Failure   Level
 Stone Arrow              Conj/Erth      8%         3d7       47%         3


Dungeon Overview and Level Annotations

Branches:
Dungeon (2/15)


Innate Abilities, Weirdness & Mutations

You have an increased reservoir of magic. (+10% MP)
You shall have no god before yourself.
Your divine heritage dramatically boosts your attributes as you level up.


Message History

The gnoll hits you with a +0 club!
You hit the gnoll.
The gnoll is severely wounded.
The gnoll hits you with a +0 club.
A gnoll comes into view. It is wielding a +0 flail.
Okay, then.
Aiming: Throw Flame
Press: ? - help, Shift-Dir - straight line, f/p - gnoll
Aim: a gnoll, wielding a +0 club (severely wounded, 75% to hit)
The puff of flame hits the gnoll.
You kill the gnoll!
The gnoll shouts!
You have reached level 3!
Your experience leads to a dramatic increase in your attributes!
Increase (S)trength, (I)ntelligence, or (D)exterity?
You feel stronger. x4
Okay, then.
Unknown command.
You closely miss the gnoll. You hit the gnoll but do no damage.
The gnoll hits you with a +0 flail!
* * * LOW HITPOINT WARNING * * *
There is an open door here.
You feel better. The gnoll hits you with a +0 flail!
* * * LOW HITPOINT WARNING * * *
Your magical contamination has completely faded away.
You feel better. The gnoll hits you with a +0 flail.
* * * LOW HITPOINT WARNING * * *
As you read the scroll labelled VARAXA YROAGG, it crumbles to dust.
It is a scroll of identify.
e - a scroll of noise The gnoll misses you.
This is a scroll of acquirement!
Something appears at your feet! The gnoll closely misses you.
Aiming: Throw Flame
Press: ? - help, Shift-Dir - straight line, f - gnoll
Aim: a gnoll, wielding a +0 flail (75% to hit)
The puff of flame hits the gnoll.
The gnoll is moderately wounded.
The gnoll hits you with a +0 flail!
You die...

#.##.# #.....#....
#.##.# #.....#....
#.##.# #######....
#.##.# #.... #.##.#
#.<..
#.##.##########....
######....#.............
#....†.####.############
+......@gg†...# ..
#......####.#.#.#####
##......####.#........
.............###.#.gg.
############## .# .. .
##


You could see 2 gnolls.

Vanquished Creatures
  A gnoll (D:2)
  2 dart slugs (D:1)
  3 endoplasms (D:1)
  A giant cockroach (D:1)
  3 hobgoblins
  2 kobolds
  2 quokkas (D:1)
  2 ball pythons (D:1)
  5 bats
  2 frilled lizards (D:1)
  3 rats (D:1)
26 creatures vanquished.

Notes
Turn   | Place    | Note
-------+----------+-------------------------------------------
     0 | D:1      | Gabide the Demigod Wanderer began the quest for the Orb.
     0 | D:1      | Gabide set off with the following items: a +2 spear, a wand
                  | of flame (7), a potion of curing, a +0 leather armour; and
                  | the following spell memorised: Sandblast; and the following
                  | spells available to memorise: Stone Arrow.
     0 | D:1      | Reached XP level 1. HP: 14/14 MP: 5/5
   174 | D:1      | Reached skill level 3 in Polearms
   353 | D:1      | Reached XP level 2. HP: 20/20 MP: 5/7
   551 | D:1      | Reached skill level 1 in Fighting
  1145 | D:2      | Reached XP level 3. HP: 11/29 MP: 4/8
  1151 | D:2      | Identified a scroll of acquirement
  1151 | D:2      | Acquired 981 gold pieces
  1152 | D:2      | Slain by a gnoll

Illustrated notes

Levels and vault maps discovered:
D:1:      scummos_arrival_hexagon, layout_loops_ring,
          shapermc_ecumenical_altar_hornbeckon
D:2:      layout_basic, uniq_crazy_yiuf_cottage, uniq_robin

Skill      XL: |  1  2 |
---------------+-------+-----
Polearms       | 3 |  3.0
Spellcasting   | 2 |  2.0
Earth Magic    | 2 |  2.0
Evocations     | 2 |  2.0
Fighting       | 1 |  1.9
Stealth        | |  1.0

Action                   || total
-------------------------++-------
Melee: Spear             ||    13
 Cast: Sandblast         ||    34
Evoke: Wand              ||     2
  Use: Scroll            ||     2
       Potion            ||     2
Armor: Leather armour    ||     6
Dodge: Dodged            ||     8
